 Dungeon Crawl Stone Soup version 0.31-a0-845-g9abc20d24f (webtiles) character file.

Game seed: 10503506407137721620

4 randomguy2701 the Cleaver (level 1, -2/17 HPs)
             Began as a Gnoll Wanderer on Oct 1, 2023.
             Slain by a gnoll
             ... wielding a +0 spear
              (7 damage)
             ... on level 1 of the Dungeon.
             The game lasted 00:00:16 (48 turns).

randomguy2701 the Cleaver (Gnoll Wanderer)            Turns: 48, Time: 00:00:17

Health: -2/17      AC:  3    Str: 12    XL:     1   Next: 60%
Magic:  4/4        EV: 10    Int: 10    God:
Gold:   0          SH:  4    Dex: 11    Spells: 5/5 levels left

rFire   . . .        a - +0 war axe
rCold   . . .        c - +0 buckler
rNeg    . . .        e - +0 leather armour
rPois   .            (no helmet)
rElec   .            (no cloak)
rCorr   .            (no gloves)
SInv    .            (no boots)
Will    .....        (no amulet)
Stlth   ++           (no ring)
HPRegen 0.22/turn    (no ring)
MPRegen 0.09/turn

%: no passive effects
@: no status effects
A: fangs 1, strong nose, distributed training
a: no special abilities


You were on level 1 of the Dungeon.
You visited 1 branch of the dungeon, and saw 1 of its levels.

Inventory:

Hand Weapons
 a - a +0 war axe (weapon)
 b - a +0 mace
Armour
 c - a +0 buckler (worn)
 e - a +0 leather armour (worn)
Scrolls
 f - a scroll of revelation {unknown}
Potions
 d - a potion of invisibility


   Skills:
 + Level 2.4 Fighting
 + Level 0.1 Short Blades
 + Level 0.1 Long Blades
 + Level 8.4 Axes
 + Level 2.4 Maces & Flails
 + Level 0.1 Polearms
 + Level 0.1 Staves
 + Level 0.1 Ranged Weapons
 + Level 0.1 Throwing
 + Level 2.4 Armour
 + Level 0.1 Dodging
 + Level 2.2 Stealth
 + Level 2.4 Shields
 + Level 0.1 Unarmed Combat
 + Level 2.6 Spellcasting
 + Level 0.1 Conjurations
 + Level 0.1 Hexes
 + Level 0.1 Summonings
 + Level 0.1 Necromancy
 + Level 0.1 Translocations
 + Level 0.1 Transmutations
 + Level 0.1 Fire Magic
 + Level 0.1 Ice Magic
 + Level 0.1 Air Magic
 + Level 0.1 Earth Magic
 + Level 0.1 Poison Magic
 + Level 0.2 Invocations
 + Level 0.1 Evocations
 + Level 0.1 Shapeshifting


You had 5 spell levels left.
You didn't know any spells.
Your spell library was empty.

Dungeon Overview and Level Annotations

Branches:
Dungeon (1/15)

Altars:


Innate Abilities, Weirdness & Mutations

You have very sharp teeth.
Your uncanny sense of smell can sniff out nearby items.
Your experience applies equally to all skills.


Message History

You kill the frilled lizard!
A gnoll comes into view. It is wielding a +0 spear.
You block the kobold's attack.
You closely miss the kobold.
The kobold is severely wounded.
You hit the endoplasm. The kobold barely misses you.
The endoplasm hits you but does no damage.
You hit the kobold but do no damage.
The kobold is severely wounded.
You slash the endoplasm!
You kill the endoplasm!
The kobold hits you with a +0 dagger. x2
You closely miss the kobold.
The kobold is severely wounded.
The kobold barely misses you.
You closely miss the kobold.
The kobold is severely wounded.
The kobold closely misses you.
You hit the kobold but do no damage.
The kobold is severely wounded.
The kobold hits you with a +0 dagger.
The gnoll hits you from afar with a +0 spear.
* * * LOW HITPOINT WARNING * * *
You are too injured to fight recklessly!
You are too injured to fight recklessly!
You are too injured to fight recklessly!
You are too injured to fight recklessly!
You are too injured to fight recklessly!
You are too injured to fight recklessly!
Unknown command.
You are too injured to fight recklessly!
Unknown command.
You barely miss the kobold.
The kobold is severely wounded.
The kobold closely misses you. The gnoll hits you but does no damage.
The kobold throws a stone.
The stone misses you.
The kobold throws a stone.
The stone closely misses you. The gnoll attacks as it pursues you!
The gnoll hits you from afar with a +0 spear!
You die...

........## #..#
...♣....####..#
..<....##.##..
.......##.#..####
......##........#
#.....##.##..##.# ####.#
###...##.##..##.## #......
.#####...##†.##..##.......
# ####....#..###@#...$....
####...## #.#........
#...# #g#........ #..##
#.......... #.##
###K....... ..# #$†......
...# #........ ###.#
#........ ..# #?.......


You could see a gnoll.

Vanquished Creatures
  An endoplasm (D:1)
  A giant cockroach (D:1)
  A frilled lizard (D:1)
  A rat (D:1)
4 creatures vanquished.

Notes
Turn   | Place    | Note
-------+----------+-------------------------------------------
     0 | D:1      | randomguy2701 the Gnoll Wanderer began the quest for the
                  | Orb.
     0 | D:1      | randomguy2701 set off with the following items: a +0 war
                  | axe, a +0 mace, a +0 buckler, a potion of invisibility, a
                  | +0 leather armour.
     0 | D:1      | Reached XP level 1. HP: 17/17 MP: 4/4
    48 | D:1      | Slain by a gnoll

Illustrated notes

Levels and vault maps discovered:
D:1:      spicycebolla_green_bress_n_ham, layout_rooms

Action                     || total
---------------------------++-------
  Melee: War axe           ||    11
         Bite              ||     2
 Armour: Leather armour    ||    11
  Dodge: Dodged            ||     7
  Block: Buckler           ||     2

Table legend: (Time is in decaauts)
 A = Elapsed time spent in this place.
 B = Non-inter-level travel time spent in this place.
 C = Inter-level travel time spent in this place.
 D = Time resting spent in this place.
 E = Time spent auto-exploring this place.
 F = Levels seen in this place.
 G = Mean time per level.
                   A        B        C        D        E       F      G
               +--------+--------+--------+--------+--------+-----+--------+
         Total |     49 |     49 |      0 |      0 |     27 |   1 |   49.0 |
       Dungeon |     49 |     49 |      0 |      0 |     27 |   1 |   49.0 |
               +--------+--------+--------+--------+--------+-----+--------+

Top non-repeatable levels by time:
     D:1: 49 daAuts
